 Dungeon Crawl Stone Soup version 0.19.0-24-gb05acd6 (webtiles) character file.

74103 Rrauwl the Bludgeoner (level 15, -2/167 HPs)
             Began as an Ogre Berserker on Nov 20, 2016.
             Was the Champion of Trog.
             Slain by a freezing wraith (9 damage)
             ... led by a death knight
             ... on level 15 of the Dungeon.
             The game lasted 03:43:48 (23292 turns).

Rrauwl the Bludgeoner (Ogre Berserker)             Turns: 23292, Time: 03:43:49

Health: -2/167     AC: 14    Str: 32    XL:     15   Next: 45%
Magic:  0/17       EV:  1    Int: 14    God:    Trog [******]
Gold:   1620       SH:  0    Dex: 19    Spells: 0 memorised, 14 levels left

rFire  . . .     SeeInvis .     f - +8 whip of Onoutz {elec, Str+4 Int+4}
rCold  . . .     Gourm    .     Z - +4 troll leather armour
rNeg   + + +     Faith    .     (no shield)
rPois  ∞         Spirit   +     a - +2 hat {Int+3}
rElec  .         Reflect  .     y - +2 cloak of Qaruovab {Dex+5}
rCorr  .         Harm     .     (gloves unavailable)
MR     +....                    (boots unavailable)
Stlth  +.........               H - amulet of guardian spirit
                                s - +4 ring of slaying
                                z - +3 ring of dexterity

@: exhausted, petrified, slowed
A: unfitting armour, antennae 1, hooves 1, deformed body, tough skin 1
a: Berserk, Trog's Hand, Brothers in Arms, Burn Spellbooks, Renounce Religion


You were on level 15 of the Dungeon.
You worshipped Trog.
Trog was exalted by your worship.
You were not hungry.

You visited 2 branches of the dungeon, and saw 21 of its levels.
You also visited: Sewer.

You collected 1620 gold pieces.

Inventory:

Hand Weapons
 f - the +8 whip of Onoutz (weapon) {elec, Str+4 Int+4}
   (You found it on level 11 of the Dungeon)

   Occasionally, upon striking a foe, it will discharge some electrical energy
   and cause terrible harm.
   It affects your strength (+4).
   It affects your intelligence (+4).
 u - a +2 hunting sling of flaming
 B - a +2 giant club of flaming
 C - a +2 dire flail of holy wrath
 F - a +4 great mace of protection
 R - the +8 broad axe "Vuisofit" {chop, rF- rC+ Int+5, unknown}
   (You found it on level 13 of the Dungeon)

   It inflicts extra damage upon your enemies.
   It affects your intelligence (+5).
   It makes you vulnerable to fire.
   It protects you from cold.
Missiles
 S - 15 large rocks (quivered)
Armour
 a - a +2 hat of intelligence (worn)
 b - the +1 animal skin "Wanool" {rPois rN+ SInv}
   (You acquired it on level 5 of the Dungeon)

   It protects you from poison.
   It protects you from negative energy.
   It lets you see invisible.
 y - the +2 cloak of Qaruovab (worn) {Dex+5}
   (You found it on level 6 of the Lair of Beasts)

   It affects your dexterity (+5).
 Q - +1 mottled dragon scales
 Z - a +4 troll leather armour (worn)
Magical Staves
 j - an uncursed staff of earth
Jewellery
 s - a +4 ring of slaying (right hand)
 z - a +3 ring of dexterity (left hand)
 A - an uncursed ring of protection from cold
 H - an amulet of guardian spirit (around neck)
 U - an uncursed ring of protection from fire
Wands
 c - a wand of lightning (6/15)
 d - a wand of polymorph (12/24)
 i - a wand of iceblast (1/15)
 t - a wand of slowing (33/48)
 x - a wand of teleportation (3/9)
 D - a wand of flame (35/48)
 T - a wand of lightning (10/15)
Scrolls
 k - 2 scrolls of magic mapping
 n - 4 scrolls of teleportation
 v - 5 scrolls of blinking
 G - 4 scrolls of identify
 K - 2 scrolls of remove curse
 L - a scroll of fear
 M - 2 scrolls of immolation
 N - 3 scrolls of acquirement
 O - a scroll of recharging
 V - a scroll of brand weapon
Potions
 g - 2 potions of magic
 h - 6 potions of curing
 l - 7 potions of flight
 m - 3 potions of heal wounds
 o - a potion of cure mutation
 p - a potion of haste
 w - 2 potions of invisibility
 I - 2 potions of ambrosia
 P - 2 potions of brilliance
 X - a potion of cancellation
Miscellaneous
 e - a lamp of fire
 J - a box of beasts
 Y - a fan of gales
Comestibles
 q - 6 beef jerkies
 r - 6 meat rations
 E - a bread ration
 W - 4 fruits


   Skills:
 + Level 15.3 Fighting
 + Level 19.3 Maces & Flails
 - Level 10.0 Throwing
 + Level 9.7 Armour
 + Level 9.5 Dodging
 - Level 0.2 Stealth
 + Level 3.8 Evocations


You had 14 spell levels left.
You didn't know any spells.

Dungeon Overview and Level Annotations

Branches:
Dungeon (15/15)            Temple (0/1) D:6            Lair (6/6) D:9
 Shoals (0/4) Lair:4       Spider (0/4) Lair:3        Slime (0/5) Lair:5
    Orc (0/2) D:11         Vaults (0/5) D:14
 Depths: D:15

Altars:
Makhleb
Nemelex Xobeh
Okawaru
Qazlal
The Shining One
Jiyva

Annotations:
D:13 exclusion: orange crystal statue


Innate Abilities, Weirdness & Mutations

You are too large for most types of armour.
You have tough skin. (AC +1)
You have a pair of small antennae on your head.
You have large cloven feet.
Armour fits poorly on your strangely shaped body.


Message History

The freezing wraith hits you. The freezing wraith freezes you!
* * * LOW HITPOINT WARNING * * *
The freezing wraith hits you but does no damage.
The freezing wraith hits you!
* * * LOW HITPOINT WARNING * * *
The freezing wraith freezes you!
* * * LOW HITPOINT WARNING * * *
The freezing wraith hits you!
* * * LOW HITPOINT WARNING * * *
The death knight hits you from afar with a glaive!
* * * LOW HITPOINT WARNING * * *
The freezing wraith hits you but does no damage. x2
The death knight hits you from afar with a glaive.
* * * LOW HITPOINT WARNING * * *
The freezing wraith hits you but does no damage. x2
The death knight hits you from afar with a glaive.
The freezing wraith hits you!
* * * LOW HITPOINT WARNING * * *
The freezing wraith freezes you!!
You die...

+.................## ..
#..................#
...#..................#
....#.(..........#.....#
.........#.........#...###
##....!..............#...#
.................=##.#...#
............^........#...#
.....Y§....#.@.......#...#
......§§§§{#W##.....######
...!p......Tp{##..###
..............##..#
########
........$.....##..#
#......#
..##############..#
#......# #..# #......#
##.####......# ...
#.#.........#


You could see a death knight, a freezing wraith and a troll (petrified).

Vanquished Creatures
  Gastronok (Lair:2)
  The ghost of SaintRoka the Grappler, a journeyman TrAK of Lugonu (Lair:3)
  2 vault guards (D:14)
  Harold (D:11)
  Fannar (D:10)
  7 hydras
  A death knight (D:11)
  An ogre mage (D:14)
  3 tengu warriors
  2 unseen horrors
  A phantasmal warrior (D:15)
  A wizard (D:14)
  3 orc knights (D:14)
  A hill giant (D:12)
  A wolf spider zombie (D:15)
  7 ugly things
  A cyclops (D:9)
  A salamander (shapeshifter) (D:15)
  2 manticores
  A siren (Lair:4)
  Maurice (D:11)
  4 elephants (Lair:3)
  3 black mambas
  10 spiny frogs
  A torpor snail (Lair:6)
  2 rime drakes
  3 kobold demonologists (D:11)
  An efreet (D:15)
  9 komodo dragons
  3 freezing wraiths (D:14)
  2 yaktaurs (D:14)
  6 polar bears
  A wolf spider simulacrum (D:14)
  5 hornets
  2 two-headed ogres
  5 trolls
  32 blink frogs
  5 hippogriffs
  14 dream sheep
  The ghost of CALLOUS the Ducker, an amateur KoTm (D:4)
  3 redbacks
  Sigmund (D:3)
  2 centaur simulacra (D:14)
  3 shadows
  A wraith (D:15)
  34 yaks
  10 spriggans (Lair:6)
  5 wyverns
  A steam dragon (D:10)
  A water elemental (D:14)
  Grum (D:10)
  3 basilisks
  2 hungry ghosts
  5 vampire mosquitoes (D:14)
  A mottled dragon (D:13)
  A soldier ant (D:13)
  Menkaure (D:4)
  11 porcupines
  Duvessa (D:4)
  19 water moccasins
  4 phantoms
  7 ice beasts
  A hornet zombie (D:12)
  6 orc warriors
  An eye of draining (D:12)
  5 sky beasts
  4 black bears
  6 ogres
  31 wolves
  6 centaurs
  3 boggarts (Lair:6)
  14 crocodiles
  6 big kobolds
  20 bullfrogs
  A wyvern zombie (D:12)
  Dowan (D:4)
  A wyvern skeleton (D:10)
  5 scorpions
  4 killer bees (D:9)
  9 wights
  2 electric eels
  2 howler monkeys (D:8)
  3 bullfrog zombies
  A centaur zombie (D:10)
  8 crimson imps
  4 jellies
  6 orc priests
  8 hounds
  Crazy Yiuf (D:3)
  A wyvern simulacrum (D:14)
  7 centaur skeletons
  A gnoll shaman (D:7)
  A bullfrog skeleton (D:8)
  5 iguanas
  7 worker ants
  15 orc wizards
  A killer bee zombie (D:8)
  A worker ant zombie (D:9)
  3 gnolls (D:7)
  A howler monkey skeleton (D:7)
  16 adders
  2 river rats
  3 shadow imps
  2 white imps (D:14)
  2 ufetubi (D:14)
  4 oozes
  An adder skeleton (D:8)
  An adder zombie (D:8)
  6 worms
  2 dart slugs (D:2)
  7 leopard geckos
  53 orcs
  5 giant cockroaches
  10 goblins
  6 hobgoblins
  16 jackals
  21 kobolds
  6 quokkas
  8 ball pythons
  24 bats
  7 frilled lizards
  A quokka zombie (D:8)
  22 rats
  13 fungi
  10 plants
716 creatures vanquished.

Vanquished Creatures (others)
  A sky beast (D:5)
  A goblin (D:3)
  12 fungi
  14 plants
28 creatures vanquished.

Grand Total: 744 creatures vanquished

Notes
Turn   | Place    | Note
-------+----------+-------------------------------------------
     0 | D:1      | Rrauwl the Ogre Berserker began the quest for the Orb.
     0 | D:1      | Reached XP level 1. HP: 24/24 MP: 1/1
    67 | D:1      | Reached XP level 2. HP: 19/32 MP: 2/2
   427 | D:1      | Gained mutation: You have a pair of small antennae on your head. [potion of mutation]
   427 | D:1      | Gained mutation: Armour fits poorly on your strangely shaped body. [potion of mutation]
   427 | D:1      | Gained mutation: You have large cloven feet. [potion of mutation]
   653 | D:2      | Reached XP level 3. HP: 36/40 MP: 3/3
   708 | D:2      | Found a stormy altar of Qazlal.
   797 | D:2      | Reached skill level 5 in Maces & Flails
   871 | D:2      | Reached ** piety under Trog
  1054 | D:2      | Reached skill level 5 in Fighting
  1054 | D:2      | Reached XP level 4. HP: 48/50 MP: 4/4
  1259 | D:3      | Noticed Sigmund
  1646 | D:3      | Killed Sigmund
  1646 | D:3      | Reached skill level 7 in Maces & Flails
  1646 | D:3      | Reached XP level 5. HP: 15/59 MP: 5/5
  1646 | D:3      | Reached XP level 6. HP: 17/67 MP: 6/6
  2029 | D:3      | Reached *** piety under Trog
  2122 | D:3      | Found a runed door.
  2126 | D:3      | Noticed Crazy Yiuf
  2152 | D:3      | Killed Crazy Yiuf
  2326 | D:3      | Reached skill level 8 in Maces & Flails
  2402 | D:4      | Noticed Menkaure
  2409 | D:4      | Killed Menkaure
  2486 | D:4      | Reached XP level 7. HP: 58/75 MP: 7/7
  2496 | D:4      | Found a glowing drain.
  2502 | Sewer    | Entered a sewer
  2920 | D:4      | Reached **** piety under Trog
  2962 | D:4      | Reached skill level 9 in Maces & Flails
  2989 | D:4      | Reached skill level 1 in Throwing
  3084 | D:4      | Noticed Duvessa
  3172 | D:4      | Noticed Dowan
  3181 | D:4      | Killed Duvessa
  3202 | D:4      | Killed Dowan
  3209 | D:4      | Found a burning altar of Makhleb.
  3530 | D:4      | Noticed CALLOUS's ghost (amateur KoTm)
  3558 | D:4      | Killed CALLOUS's ghost
  3558 | D:4      | Reached skill level 10 in Maces & Flails
  3558 | D:4      | Reached XP level 8. HP: 42/83 MP: 8/8
  3879 | D:4      | Found Apnoumpix's Armour Shop.
  4073 | D:5      | Entered Level 5 of the Dungeon
  4164 | D:5      | Identified a scroll of acquirement
  4165 | D:5      | Got a scorched animal skin
  4176 | D:5      | Identified the +1 animal skin "Wanool" {rPois rN+ SInv} (You acquired it on level 5 of the Dungeon)
  4754 | D:5      | Reached skill level 11 in Maces & Flails
  4754 | D:5      | Reached skill level 5 in Throwing
  5119 | D:5      | Reached XP level 9. HP: 89/89 MP: 9/9
  5468 | D:6      | Found a staircase to the Ecumenical Temple.
  5629 | D:6      | Reached ***** piety under Trog
  5639 | D:6      | Reached skill level 12 in Maces & Flails
  5674 | D:6      | Upgraded the game from 0.19.0-23-gf02e663 to 0.19.0-24-gb05acd6
  5738 | D:6      | Found a glowing golden altar of the Shining One.
  6568 | D:7      | Found a sparkling altar of Nemelex Xobeh.
  7031 | D:8      | Received a gift from Trog
  7388 | D:8      | Found an iron altar of Okawaru.
  7426 | D:8      | Reached skill level 13 in Maces & Flails
  7571 | D:8      | Reached XP level 10. HP: 80/98 MP: 10/10
  7924 | D:9      | Reached skill level 14 in Maces & Flails
  7951 | D:9      | Received a gift from Trog
  8407 | D:9      | Received a gift from Trog
  8439 | D:9      | Reached skill level 10 in Throwing
  8521 | D:9      | Received a gift from Trog
  8545 | D:9      | Found a staircase to the Lair.
  8773 | D:9      | Noticed a cyclops
  8795 | D:9      | Killed a cyclops
  8795 | D:9      | Reached skill level 1 in Armour
  9161 | D:9      | Reached skill level 15 in Maces & Flails
  9161 | D:9      | Reached XP level 11. HP: 109/109 MP: 9/11
  9625 | D:9      | Received a gift from Trog
  9703 | D:10     | Entered Level 10 of the Dungeon
 10259 | D:10     | Noticed a manticore
 10262 | D:10     | Noticed Fannar
 10269 | D:10     | Killed a manticore
 10274 | D:10     | Killed Fannar
 10519 | D:10     | Noticed Grum
 10532 | D:10     | Killed Grum
 10594 | D:10     | Reached skill level 16 in Maces & Flails
 10709 | D:10     | Noticed a red ugly thing
 10732 | D:10     | Killed a red ugly thing
 10732 | D:10     | Reached skill level 10 in Fighting
 10974 | Lair:1   | Entered Level 1 of the Lair of Beasts
 11021 | Lair:1   | Reached XP level 12. HP: 98/126 MP: 10/12
 11076 | Lair:1   | Reached skill level 5 in Armour
 11312 | Lair:1   | Received a gift from Trog
 12011 | Lair:2   | Noticed an eight-headed hydra
 12021 | Lair:2   | Killed an eight-headed hydra
 12426 | Lair:2   | Noticed Gastronok
 12448 | Lair:2   | Killed Gastronok
 12808 | Lair:2   | Reached skill level 5 in Dodging
 13206 | Lair:2   | Noticed an eight-headed hydra
 13213 | Lair:2   | Killed an eight-headed hydra
 13213 | Lair:2   | Reached skill level 17 in Maces & Flails
 13728 | Lair:3   | Found a hole to the Spider Nest.
 13843 | Lair:3   | Noticed SaintRoka's ghost (journeyman TrAK)
 13859 | Lair:3   | Killed SaintRoka's ghost
 13859 | Lair:3   | Reached XP level 13. HP: 71/140 MP: 4/13
 15393 | Lair:4   | Found a staircase to the Shoals.
 15768 | Lair:4   | Received a gift from Trog
 16839 | Lair:5   | Found a staircase to the Slime Pits.
 16839 | Lair:5   | Found a viscous altar of Jiyva.
 16910 | Lair:5   | Reached skill level 18 in Maces & Flails
 17433 | Lair:6   | Entered Level 6 of the Lair of Beasts
 17489 | Lair:6   | Reached XP level 14. HP: 81/153 MP: 9/14
 18115 | Lair:6   | Found a dark tunnel.
 18180 | Lair:6   | Reached ****** piety under Trog
 18493 | Lair:6   | Received a gift from Trog
 18716 | Lair:6   | Got a transparent cloak
 18895 | Lair:6   | Identified the +2 cloak of Qaruovab {Dex+5} (You found it on level 6 of the Lair of Beasts)
 19460 | D:11     | Got a steaming whip
 19461 | D:11     | Identified the +8 whip of Onoutz {elec, Str+4 Int+4} (You found it on level 11 of the Dungeon)
 19509 | D:11     | Noticed Maurice
 19517 | D:11     | Killed Maurice
 19584 | D:11     | Noticed Harold
 19600 | D:11     | Killed Harold
 19600 | D:11     | Reached skill level 1 in Evocations
 19787 | D:11     | Found a staircase to the Orcish Mines.
 20078 | D:11     | Received a gift from Trog
 20921 | D:13     | Got a slimy broad axe
 21692 | D:14     | Reached skill level 19 in Maces & Flails
 21692 | D:14     | Reached XP level 15. HP: 121/165 MP: 12/16
 21903 | D:14     | Reached skill level 15 in Fighting
 22058 | D:14     | Found a gate to the Vaults.
 22498 | D:14     | Received a gift from Trog
 22734 | D:15     | Entered Level 15 of the Dungeon
 23292 | D:15     | HP: 7/167 [freezing wraith[a death knight] (4)]
 23292 | D:15     | Slain by a freezing wraith

Skill      XL: |  1  2  3  4  5  6  7  8  9 10 11 12 13 14 15 |
---------------+----------------------------------------------+-----
Maces & Flails | 5 7 8 10 11 13 15 16 17 18 19 | 19.3
Fighting       | 5 6 7 10 12 13 14 15 | 15.3
Dodging        | 3 5 7 9 |  9.5
Throwing       | 3 5 8 10 | 10.0
Armour         | 1 4 6 7 9 |  9.7
Evocations     | 2 3 |  3.8
Stealth        | |  0.2

Action                   |  1- 3 |  4- 6 |  7- 9 | 10-12 | 13-15 || total
-------------------------+-------+-------+-------+-------+-------++-------
Melee: Mace              |    94 |   120 |   476 |   509 |   189 ||  1388
       Kick              |    12 |    31 |   159 |   228 |   465 ||   895
       Giant club        |       |       |       |   124 |    50 ||   174
       Dire flail        |       |       |       |    11 |       ||    11
       Great mace        |       |       |       |       |   375 ||   375
       Whip              |       |       |       |       |   427 ||   427
 Fire: Blowgun           |       |       |     5 |       |       ||     5
Throw: Large rock        |       |       |       |    26 |     2 ||    28
Invok: Berserk           |       |       |       |    10 |     8 ||    18
  Use: Scroll            |     6 |     2 |     8 |    13 |    14 ||    43
       Potion            |     5 |     1 |     6 |     4 |     5 ||    21
 Stab: Sleeping          |     2 |     1 |     2 |       |     1 ||     6
       Distracted        |       |       |       |     1 |     1 ||     2
  Eat: Chunk             |     8 |     6 |    15 |    13 |    17 ||    59
       Pizza             |       |       |       |     1 |     2 ||     3
       Fruit             |       |       |       |     3 |       ||     3
       Beef jerky        |       |       |       |     4 |     1 ||     5
       Bread ration      |       |       |       |       |     5 ||     5
Armor: Animal skin       |    18 |    29 |   138 |   123 |    90 ||   398
       Skin              |       |       |       |     3 |       ||     3
       Steam dragon scal |       |       |       |    22 |       ||    22
       Troll leather arm |       |       |       |       |   100 ||   100
Dodge: Dodged            |    56 |    44 |   142 |   205 |   432 ||   879
Block: Shield            |       |       |    94 |    55 |    45 ||   194
